 Dungeon Crawl Stone Soup version 0.23.2 (webtiles) character file.

Game seed: 7842398827270860736

619322 Morrissey the Invulnerable (level 27, -2/268 HPs)
             Began as a Gargoyle Fighter on Apr 12, 2019.
             Was the Champion of Okawaru.
             Killed from afar by an orb of fire (11 damage)
             ... with a fireball
             ... on level 5 of the Realm of Zot on Apr 13, 2019.
             The game lasted 02:39:39 (55727 turns).

Morrissey the Invulnerable (Gargoyle Fighter)      Turns: 55727, Time: 02:39:40

Health: -2/268     AC: 61    Str: 38    XL:     27
Magic:  28/28      EV: 21    Int: 10    God:    Okawaru [******]
Gold:   8844       SH: 29    Dex: 25    Spells: 26/26 levels left

rFire    + + .     SeeInvis .   a - +9 eveningstar (flame)
rCold    + + +     Gourm    .   h - +4 shield "Veankeol" {Dex+5 Stlth+}
rNeg     + . .     Faith    .   J - +2 gold dragon scales
rPois    ∞         Spirit   .   d - +2 hat
rElec    +         Reflect  +   R - scarf {rC+ rF+}
rCorr    +         Harm     .   L - +2 pair of gloves of Fenab {rC+ Str+6 Int+2}
MR       ++...     Rnd*Rage +   q - +2 pair of boots {run}
Stlth    ..........             Y - amulet of Zuklumem {Reflect Str+3 SH+4}
HPRegen  0.54/turn              N - ring "Qeuqox" {rCorr Dex+3}
MPRegen  0.21/turn              y - +6 ring of slaying

@: berserking (expiring), heroism, flying, very quick
A: big wings, talons 1, thin metallic scales 1, thin skeletal structure 1,
berserk 3, blurry vision 1, deterioration 1, dopey 2, frail 1, low mp 1,
negative energy resistance 1, electricity resistance, unbreathing, petrification
resistance, no potion heal 1, rot immunity, AC +20
}: 3/15 runes: serpentine, barnacled, silver
a: Stop Flying, Heroism, Finesse, Renounce Religion


You were on level 5 of the Realm of Zot.
You worshipped Okawaru.
Okawaru was exalted by your worship.
You were full.

You visited 10 branches of the dungeon, and saw 50 of its levels.
You visited the Abyss 4 times.
You also visited: Wizlab.

You collected 9258 gold pieces.
You spent 414 gold pieces at shops.

Inventory:

Hand Weapons
 a - a +9 eveningstar of flaming (weapon)
 b - the +10 demon whip of Indomitability {elec, rN+ MP-9 Str+8 Stlth+}
   (Okawaru gifted it to you on level 1 of the Depths)

   Occasionally, upon striking a foe, it will discharge some electrical energy
   and cause terrible harm.
   It affects your strength (+8).
   It protects you from negative energy.
   It affects your magic capacity (-9).
   It makes you more stealthy.
 C - a +9 demon whip of venom
Armour
 c - a +4 plate armour of magic resistance
 d - a +2 hat (worn)
 h - the +4 shield "Veankeol" (worn) {Dex+5 Stlth+}
   (You acquired it on level 2 of the Abyss)

   It affects your dexterity (+5).
   It makes you more stealthy.
 q - a +2 pair of boots of running (worn)
 A - the +3 pair of gauntlets of War {Slay+5}
   (You acquired it on level 1 of the Depths)

   It affects your accuracy and damage with ranged weapons and melee attacks
   (+5).
 J - +2 gold dragon scales (worn)
 L - the +2 pair of gloves of Fenab (worn) {rC+ Str+6 Int+2}
   (Okawaru gifted it to you on level 11 of the Dungeon)

   It affects your strength (+6).
   It affects your intelligence (+2).
   It protects you from cold.
 R - a scarf of resistance (worn)
Jewellery
 g - an uncursed ring of see invisible
 x - the ring of Cibe {MR+ Int+2 Dex+5}
   (You took it off a tengu reaver on level 5 of the Depths)

   [ring of intelligence]

   It affects your intelligence (+2).
   It affects your dexterity (+5).
   It affects your resistance to hostile enchantments.
 y - a +6 ring of slaying (right hand)
 N - the ring "Qeuqox" (left hand) {rCorr Dex+3}
   (You took it off a Hellbinder in a wizard's laboratory)

   [ring of resist corrosion]

   It affects your dexterity (+3).
 Y - the amulet of Zuklumem (around neck) {Reflect Str+3 SH+4}
   (You found it on level 1 of the Lair of Beasts)

   [amulet of reflection]

   It shields you and reflects attacks.
   It affects your strength (+3).
   It affects your SH (+4).
Wands
 l - a wand of disintegration (39)
 o - a wand of digging (12)
 r - a wand of acid (35)
 w - a wand of scattershot (8)
 E - a wand of iceblast (50)
 K - a wand of paralysis (35)
 M - a wand of enslavement (50)
 S - a wand of flame (95)
 U - a wand of clouds (24)
Scrolls
 i - 8 scrolls of fear
 n - 24 scrolls of remove curse
 s - 5 scrolls of fog
 u - 13 scrolls of teleportation
 B - 4 scrolls of blinking
 D - 2 scrolls of enchant weapon
 I - 3 scrolls of holy word
 O - 3 scrolls of summoning
 X - a scroll of silence
 Z - 6 scrolls of identify
Potions
 e - 5 potions of magic
 j - 25 potions of curing
 k - 3 potions of resistance
 p - 4 potions of invisibility
 t - 6 potions of heal wounds
 F - 2 potions of ambrosia
 G - 6 potions of agility
 H - 7 potions of haste
 P - 9 potions of mutation
 Q - 4 potions of might
 T - 4 potions of berserk rage
 V - 7 potions of brilliance
Miscellaneous
 z - a lightning rod (4/4)
Comestibles
 f - 71 rations


   Skills:
 O Level 27 Fighting
 - Level 16.0(21.0) Maces & Flails
 O Level 27 Armour
 - Level 10.0(15.0) Dodging
 + Level 21.4(26.4) Shields
 - Level 12.0 Invocations
 - Level 10.0 Evocations


You had 26 spell levels left.
You didn't know any spells.
Your spell library contained the following spells:

 Spells                   Type           Power        Failure   Level  Hunger
 Animate Skeleton         Necr           N/A          82%         1    ##.....
 Apportation              Tloc           #.....       82%         1    ##.....
 Beastly Appendage        Tmut           #.....       82%         1    ##.....
 Corona                   Hex            #......      82%         1    ##.....
 Infusion                 Chrm           #...         82%         1    ##.....
 Magic Dart               Conj           #...         82%         1    ##.....
 Pain                     Necr           #...         82%         1    ##.....
 Shock                    Conj/Air       #...         82%         1    ##.....
 Sting                    Conj/Pois      #...         82%         1    ##.....
 Summon Butterflies       Summ           #.......     82%         1    ##.....
 Summon Small Mammal      Summ           #...         82%         1    ##.....
 Blink                    Tloc           N/A          91%         2    ###....
 Call Imp                 Summ           #.......     91%         2    ###....
 Ensorcelled Hibernation  Hex/Ice        #.....       91%         2    ###....
 Poisonous Vapours        Pois/Air       #.....       91%         2    ###....
 Shroud of Golubria       Chrm/Tloc      #.........   91%         2    ###....
 Slow                     Hex            #.......     91%         2    ###....
 Song of Slaying          Chrm           #.......     91%         2    ###....
 Sticks to Snakes         Tmut           #.......     91%         2    ###....
 Swiftness                Chrm/Air       #.......     91%         2    ###....
 Call Canine Familiar     Summ           #.......     99%         3    ####...
 Confuse                  Hex            #.......     99%         3    ####...
 Conjure Flame            Conj/Fire      #.......     99%         3    ####...
 Dazzling Spray           Conj/Hex       #.....       99%         3    ####...
 Gell's Gravitas          Tloc           #.........   99%         3    ####...
 Ignite Poison            Fire/Tmut/Pois #.......     99%         3    ####...
 Inner Flame              Hex/Fire       #.......     99%         3    ####...
 Lesser Beckoning         Tloc           #.........   99%         3    ####...
 Mephitic Cloud           Conj/Pois/Air  #.......     99%         3    ####...
 Portal Projectile        Hex/Tloc       #.....       99%         3    ####...
 Recall                   Summ/Tloc      N/A          99%         3    ####...
 Regeneration             Chrm/Necr      #.........   99%         3    ####...
 Spectral Weapon          Hex/Chrm       #.......     99%         3    ####...
 Spider Form              Tmut/Pois      #.........   99%         3    ####...
 Static Discharge         Conj/Air       #.......     99%         3    ####...
 Tukima's Dance           Hex            #.......     99%         3    ####...
 Vampiric Draining        Necr           #.........   99%         3    ####...
 Airstrike                Air            #.........   100%        4    #####..
 Animate Dead             Necr           N/A          100%        4    #####..
 Cause Fear               Hex            #.........   100%        4    #####..
 Force Lance              Conj/Tloc      #.......     100%        4    #####..
 Ice Form                 Ice/Tmut       #.......     100%        4    #####..
 Leda's Liquefaction      Hex/Erth       #.........   100%        4    #####..
 Olgreb's Toxic Radiance  Pois           #.......     100%        4    #####..
 Summon Ice Beast         Ice/Summ       #.......     100%        4    #####..
 Summon Lightning Spire   Summ/Air       #.......     100%        4    #####..
 Alistair's Intoxication  Tmut/Pois      #.......     100%        5    ######.
 Aura of Abjuration       Summ           #.........   100%        5    ######.
 Blade Hands              Tmut           #.........   100%        5    ######.
 Irradiate                Conj/Tmut      #.........   100%        5    ######.
 Lightning Bolt           Conj/Air       #.........   100%        5    ######.
 Silence                  Hex/Air        #.........   100%        5    ######.
 Summon Forest            Summ/Tloc      #.........   100%        5    ######.
 Summon Mana Viper        Hex/Summ       #.......     100%        5    ######.
 Venom Bolt               Conj/Pois      #.........   100%        5    ######.
 Yara's Violent Unravell  Hex/Tmut       #.........   100%        5    ######.
 Conjure Ball Lightning   Conj/Air       #.........   100%        6    #######
 Deflect Missiles         Chrm/Air       #.........   100%        6    #######
 Dispersal                Tloc           #.........   100%        6    #######
 Freezing Cloud           Conj/Ice/Air   #.........   100%        6    #######
 Hydra Form               Tmut           #.........   100%        6    #######
 Invisibility             Hex            #.......     100%        6    #######
 Poison Arrow             Conj/Pois      #.........   100%        6    #######
 Shadow Creatures         Summ           N/A          100%        6    #######
 Dragon Form              Tmut           #.........   100%        7    #######
 Malign Gateway           Summ/Tloc      #.........   100%        7    #######
 Orb of Destruction       Conj           #.........   100%        7    #######
 Ring of Flames           Chrm/Fire      #.........   100%        7    #######
 Spellforged Servitor     Conj/Summ      #.........   100%        7    #######
 Summon Hydra             Summ           #.........   100%        7    #######
 Chain Lightning          Conj/Air       #.........   100%        8    #######
 Controlled Blink         Tloc           N/A          100%        8    #######
 Discord                  Hex            #.........   100%        8    #######
 Disjunction              Tloc           #.........   100%        8    #######
 Ignition                 Fire           #.........   100%        8    #######
 Lehudib's Crystal Spear  Conj/Erth      #.........   100%        8    #######
 Dragon's Call            Summ           #.........   100%        9    #######
 Fire Storm               Conj/Fire      #.........   100%        9    #######
 Glaciate                 Conj/Ice       #.........   100%        9    #######
 Shatter                  Erth           #.........   100%        9    #######
 Tornado                  Air            #.........   100%        9    #######
 Statue Form              Tmut/Erth      Unusable     N/A         6    N/A

Dungeon Overview and Level Annotations

Branches:
Dungeon (15/15)            Temple (1/1) D:5            Lair (6/6) D:8
 Shoals (4/4) Lair:4        Snake (4/4) Lair:4        Slime (0/5) Lair:6
    Orc (2/2) D:10            Elf (3/3) Orc:2        Vaults (5/5) D:13
  Crypt (0/3) Vaults:3     Depths (5/5) D:15            Zot (5/5) Depths:5

Altars:
Ashenzari
Cheibriados
Dithmenos
Elyvilon
Fedhas
Gozag
Hepliaklqana
Kikubaaqudgha
Makhleb
Nemelex Xobeh
Okawaru
Qazlal
Ru
Sif Muna
Trog
Uskayaw
Vehumet
Wu Jian
Xom
Yredelemnul
Zin
The Shining One
Jiyva

Shops:
D:6 [   D:9 [   D:10 %   D:15 *   Orc:2 [*}(=   Snake:1 }   Vaults:2 *
Vaults:3 *   Depths:5 ?(?

Portals:
Hell: Depths:1 Depths:2 Depths:3 Depths:4 Depths:5
Abyss: Depths:2 Depths:3 Depths:4
Pandemonium: Depths:1 Depths:3 Depths:5
Ziggurat: Depths:2

Annotations:
Shoals:3 1 runed translucent door, Rerer's ghost, adept HOBe
Elf:2 3 runed translucent doors, strelocc's ghost, adept HOBe


Innate Abilities, Weirdness & Mutations

You are resistant to torment.
Your stone body is resilient. (AC +20)
You are immune to poison.
Your large and strong wings let you fly indefinitely.
You resist negative energy. (rN+)
You are resistant to electric shocks. (rElec)
You can survive without breathing.
You are immune to petrification.
You are immune to rotting.
You have sharp toenails.
You are partially covered in thin metallic scales. (AC +2)
You have a somewhat thin skeletal structure. (Dex +2, Stealth)
You have an uncontrollable temper.
Scrolls take you a little longer to read.
Your body sometimes deteriorates upon taking damage.
You are very dopey. (Int -4)
You are frail. (-10% HP)
Your magical capacity is low. (-10% MP)
Potions are less effective at restoring your health.


Message History

The bolt of lightning hits the orb of fire.
The orb of fire completely resists.
The bolt of lightning hits the orb of fire.
The orb of fire completely resists.
The bolt of lightning hits you. You resist.
* * * LOW HITPOINT WARNING * * *
The bolt of lightning hits the electric golem.
The electric golem completely resists.
You impale the orb of fire!!
The orb of fire is almost destroyed.
The orb of fire glows bright magenta.
Strange energies course through your body.
You feel yourself wasting away.
The electric golem blinks!
Unknown command.
You sock the orb of fire!
You destroy the orb of fire!
Okawaru is honoured by your kill.
The orb of fire emits a lurid red light.
The fireball explodes!
The fireball engulfs you! You resist.
You die...

.........##.....[##.≈.§§§.§.≈...≈
.........##.#.#####≈.≈.§.§...≈.≈.
............#.# #...............
.........####.####.≈.≈§≈.§...≈.≈.
....#######......#.§§§...........
....## #......#§≈§§.≈.....^...
.....######......#§§§.≈.≈...≈.≈..
................§#.≈.............
.....######.....@#XX≈*≈X≈...≈.≈..
..............8..**####.#........
###########▓▓▓▓########.########▓
..........## #...............*
...........## *#.............#*
....^.......## #......8..X...#
.............# ##...........##
..§........^.# #..........X#
.............# ##...........#*


You could see 2 orbs of fire and an electric golem.

Vanquished Creatures
  3 ancient liches (Vaults:5)
  7 orbs of fire
  Mara (Vaults:4)
  Mennas (Vaults:5)
  Boris (twice) (Vaults:2 Vaults:4)
  A Killer Klown (Zot:2)
  A curse toe (Zot:1)
  Nikola (Snake:4)
  7 golden dragons
  A Hellbinder (WizLab)
  A Brimstone Fiend (Depths:5)
  A bone dragon (Depths:5)
  An electric golem (Zot:2)
  5 tentacled monstrosities
  2 liches
  Rupert (Lair:5)
  An Ice Fiend (Depths:5)
  Jorgrun (Orc:2)
  10 Orb Guardians (Zot:5)
  A quicksilver dragon (Zot:1)
  5 titans
  A deep elf master archer (Elf:3)
  A deep elf blademaster (Elf:2)
  6 acid blobs
  Frances (Snake:1)
  A kraken (Shoals:2)
  3 death cobs (Zot:1)
  Kirke (Snake:4)
  7 sphinxes
  5 tentacled starspawn
  Donald (Snake:1)
  Gastronok (D:8)
  Ilsuiw (Shoals:2)
  4 shadow dragons
  8 storm dragons
  3 draconian monks
  10 nagarajas
  3 fire giants
  5 iron dragons
  Louise (Depths:3)
  6 tengu reavers
  4 balrugs
  14 deep elf sorcerers
  2 draconian scorchers (Zot:1)
  12 frost giants
  3 draconian knights
  22 vault wardens
  3 cacodemons (WizLab)
  6 deep elf elementalists
  2 draconian shifters (Zot:1)
  Aizul (Shoals:2)
  16 ironheart preservers
  A draconian stormcaller (Zot:1)
  20 stone giants
  4 war gargoyles (Vaults:5)
  A spriggan defender (Depths:3)
  8 very ugly things
  2 reapers
  3 entropy weavers
  7 deep elf demonologists
  A blood saint (WizLab)
  16 yellow draconians
  4 vampire knights
  3 green draconians
  Azrael (Elf:1)
  2 purple draconians (Zot:1)
  2 lorocyprocas
  12 deep elf annihilators
  6 black draconians
  6 red draconians
  2 white draconians
  4 spark wasps
  2 blizzard demons
  5 merfolk javelineers
  11 ettins
  A mummy priest (Depths:1)
  17 fire dragons
  3 green deaths
  7 great orbs of eyes
  9 deep elf death magi
  17 yaktaur captains
  9 merfolk impalers
  10 ogre magi
  2 jiangshi (Depths:1)
  6 deep elf high priests
  43 vault guards
  3 rakshasas
  12 hydras
  21 naga warriors
  11 ice dragons
  3 spriggan air magi
  3 merfolk aquamancers
  5 merfolk avatars
  5 death knights
  20 anacondas
  4 alligator snapping turtles
  11 centaur warriors
  A two-headed ogre (shapeshifter) (Elf:1)
  38 two-headed ogres
  21 dancing weapons
  An alligator (shapeshifter) (Depths:3)
  9 deep troll earth magi
  2 satyrs (Shoals:4)
  6 deep troll shamans
  3 catoblepae
  A tengu warrior (D:15)
  7 death yaks
  A queen ant (shapeshifter) (Vaults:5)
  9 vampire magi
  2 spriggan berserkers
  9 sun demons
  4 orc high priests
  20 naga sharpshooters
  Urug (Lair:4)
  2 soul eaters
  27 deep elf knights
  5 shock serpents
  6 hell knights
  A wretched star (Abyss:2)
  A skeletal warrior (Vaults:4)
  2 sixfirhies (WizLab)
  2 salamander mystics
  20 sea snakes
  An unseen horror (Vaults:1)
  4 glowing orange brains
  2 spatial maelstroms
  2 unseen horrors (shapeshifter)
  23 deep trolls
  A death drake (Abyss:4)
  A torturous demonspawn (Depths:1)
  An obsidian statue (Depths:4)
  A shadow demon (WizLab)
  A lindwurm (Depths:2)
  6 flayed ghosts
  A swamp dragon (Depths:2)
  8 naga ritualists
  16 deep elf archers
  A tengu zombie (Vaults:4)
  7 phantasmal warriors
  11 ironbrand convokers
  3 wizards
  22 orc knights
  47 ugly things
  8 necromancers
  10 harpies
  A shining eye (shapeshifter) (Vaults:5)
  70 deep elf magi
  19 fauns
  9 wolf spiders
  6 orc sorcerers
  15 mana vipers
  5 oklob plants
  9 salamanders
  A wolf spider (shapeshifter) (Elf:1)
  16 manticores
  A moth of wrath (shapeshifter) (Depths:5)
  4 cyclopes
  4 elephants (Lair:5)
  An elephant (shapeshifter) (Elf:2)
  48 black mambas
  15 moths of wrath
  An apocalypse crab (Abyss:3)
  Maurice (Orc:2)
  11 guardian serpents
  20 naga magi
  A smoke demon (Abyss:3)
  19 vault sentinels
  7 water nymphs
  17 merfolk sirens
  4 rust devils
  4 gargoyles
  3 orange demons
  2 rime drakes
  2 hellions (WizLab)
  13 spiny frogs
  A tormentor (WizLab)
  2 kobold demonologists (Depths:1)
  32 yaktaurs
  9 komodo dragons
  A yaktaur (shapeshifter) (Depths:3)
  2 freezing wraiths
  8 ice devils
  2 efreet (Abyss:3)
  2 red devils (WizLab)
  3 tengu conjurers
  An ancient zyme (Abyss:3)
  8 catoblepas skeletons (Abyss:4)
  A hellwing (WizLab)
  A guardian mummy (Depths:2)
  2 polar bears (shapeshifter)
  25 merfolk
  7 trolls
  A jumping spider (shapeshifter) (Depths:3)
  3 polar bears
  2 wind drakes
  A wolf spider simulacrum (D:15)
  A jumping spider (Vaults:2)
  A meliai (shapeshifter) (Vaults:2)
  14 hippogriffs
  A raiju (Abyss:3)
  31 slime creatures
  7 dream sheep
  6 blink frogs
  12 snapping turtles
  A slime creature (shapeshifter) (Vaults:5)
  A sphinx simulacrum (Vaults:4)
  A meliai zombie (D:15)
  An ettin skeleton (Vaults:4)
  4 flying skulls
  2 shadows
  9 water elementals
  A human simulacrum (Vaults:3)
  5 air elementals
  5 redbacks
  A yak (shapeshifter) (Vaults:5)
  7 fire elementals
  3 wraiths
  A fire bat (shapeshifter) (Vaults:5)
  3 vampires (Vaults:3)
  3 ynoxinuls
  3 wyverns
  9 large abominations
  33 yaks
  4 hogs (Snake:4)
  3 chaos spawn
  10 basilisks
  6 neqoxecs
  A spatial vortex (Abyss:4)
  9 wargs
  2 wargs (shapeshifter)
  3 acid dragons
  19 water moccasins
  7 hell hounds
  70 nagas
  A soldier ant (shapeshifter) (Vaults:1)
  11 porcupines
  30 orc warriors
  10 ice beasts
  3 sky beasts
  2 black bears
  A black bear (shapeshifter) (Depths:3)
  2 necrophages
  46 ogres
  3 phantoms
  4 wolves (Lair:1)
  An eye of draining (D:11)
  13 boggarts
  18 centaurs
  12 crocodiles
  A big kobold (shapeshifter) (Elf:1)
  6 big kobolds
  26 bullfrogs
  9 earth elementals
  2 wyvern zombies
  A glowing shapeshifter simulacrum (Vaults:1)
  A water moccasin zombie (D:7)
  6 scorpions
  A water moccasin skeleton (D:4)
  4 wights
  An elf simulacrum (Vaults:3)
  A howler monkey (D:4)
  9 electric eels
  21 crimson imps
  4 starcursed masses (Abyss:2)
  3 bullfrog zombies
  A centaur zombie (D:8)
  17 jellies
  4 small abominations
  A bullfrog skeleton (D:6)
  7 hounds
  3 iron imps
  7 orc priests
  7 iguanas
  Terence (D:3)
  6 worker ants
  4 hell rats (Lair:6)
  20 orc wizards
  2 hound zombies
  4 mummies (Depths:2)
  A worker ant zombie (D:6)
  17 adders
  13 gnolls
  4 shadow imps
  11 white imps
  5 ufetubi
  2 oozes
  2 worms
  2 dart slugs (D:1)
  5 leopard geckos
  74 orcs
  5 giant cockroaches
  4 goblins
  9 hobgoblins
  10 jackals
  17 kobolds
  5 quokkas
  2 ball pythons
  4 bats
  9 frilled lizards
  A jackal zombie (D:4)
  A leopard gecko skeleton (D:7)
  A leopard gecko zombie (D:7)
  8 rats
  4 plants
  5 starspawn tentacles
  A tentacle (Shoals:2)
2233 creatures vanquished.

Vanquished Creatures (others)
  A stone giant (Depths:2)
  A deep elf demonologist (Elf:3)
  A blizzard demon (Depths:5)
  A merfolk javelineer (Shoals:1)
  A deep elf high priest (Elf:3)
  3 yaktaur captains
  An ogre mage (Vaults:4)
  2 centaur warriors
  2 anacondas (Snake:4)
  A merfolk aquamancer (Shoals:4)
  2 satyrs
  A vampire mage (Depths:1)
  A shock serpent (Snake:4)
  A deep elf archer (Elf:3)
  2 cyclopes (Shoals:2)
  2 fauns (Shoals:1)
  10 yaktaurs
  A water elemental (Elf:2)
  3 orc warriors
  5 centaurs
  A boggart (D:14)
  A jelly (Zot:1)
  An orc wizard (D:12)
  An ooze (shapeshifter) (Vaults:5)
  2 orcs (Orc:1)
  A kobold (D:11)
  9 fungi
  40 plants
  10 starspawn tentacles
  4 tentacles (Shoals:2)
112 creatures vanquished.

Grand Total: 2345 creatures vanquished

Notes
Turn   | Place    | Note
-------+----------+-------------------------------------------
     0 | D:1      | Morrissey the Gargoyle Fighter began the quest for the Orb.
     0 | D:1      | Reached XP level 1. HP: 14/14 MP: 1/1
    56 | D:1      | Reached XP level 2. HP: 16/19 MP: 2/2
   353 | D:1      | Reached XP level 3. HP: 23/23 MP: 3/3
   731 | D:2      | Reached XP level 4. HP: 24/29 MP: 4/4
   945 | D:2      | Found a stormy altar of Qazlal.
  1075 | D:2      | Noticed a phantom
  1111 | D:2      | Killed a phantom
  1111 | D:2      | Reached XP level 5. HP: 20/33 MP: 5/5
  1647 | D:3      | Noticed Terence
  1678 | D:3      | Killed Terence
  1678 | D:3      | Reached XP level 6. HP: 28/39 MP: 6/6
  2469 | D:4      | Reached XP level 7. HP: 34/44 MP: 7/7
  2778 | D:4      | Reached skill level 5 in Maces & Flails
  2859 | D:4      | Reached skill level 5 in Fighting
  2859 | D:4      | Reached skill level 5 in Armour
  2977 | D:4      | Reached skill level 5 in Shields
  3195 | D:5      | Entered Level 5 of the Dungeon
  3411 | D:5      | Found a staircase to the Ecumenical Temple.
  3444 | Temple   | Entered the Ecumenical Temple
  3665 | D:5      | Found a blossoming altar of Fedhas.
  3886 | D:6      | Reached XP level 8. HP: 47/50 MP: 8/8
  4454 | D:6      | Found Nonawuol's Armour Shop.
  4568 | D:6      | Reached XP level 9. HP: 24/56 MP: 9/9
  6021 | D:8      | Found a staircase to the Lair.
  6414 | D:8      | Found an opulent altar of Gozag.
  6434 | D:8      | Found an iron altar of Okawaru.
  6460 | D:8      | Became a worshipper of Warmaster Okawaru
  6499 | D:8      | Reached XP level 10. HP: 60/63 MP: 10/10
  6740 | D:8      | Found a stormy altar of Qazlal.
  6754 | D:8      | Noticed Gastronok
  6776 | D:8      | Killed Gastronok
  6776 | D:8      | Reached * piety under Okawaru
  6776 | D:8      | Reached ** piety under Okawaru
  6776 | D:8      | Reached skill level 10 in Maces & Flails
  6971 | D:8      | Found a shattered altar of Ashenzari.
  7062 | D:8      | Got a spiked ring mail
  7073 | D:8      | Identified the cursed +1 ring mail of Apathy {rN+ Int+4}
                  | (You found it on level 8 of the Dungeon)
  7189 | D:8      | Reached *** piety under Okawaru
  7278 | D:8      | Noticed a three-headed hydra
  7284 | D:8      | Killed a one-headed hydra
  7284 | D:8      | Reached **** piety under Okawaru
  7284 | D:8      | Reached XP level 11. HP: 61/69 MP: 11/11
  7526 | D:9      | Found a sparkling altar of Nemelex Xobeh.
  7846 | D:9      | Noticed a green ugly thing
  7867 | D:9      | Killed a green ugly thing
  7898 | D:9      | Found Nesaokag's Antique Armour Shoppe.
  7909 | D:9      | Bought a pair of glowing gloves for 240 gold pieces
  8180 | D:10     | Entered Level 10 of the Dungeon
  8243 | D:10     | Found a staircase to the Orcish Mines.
  8447 | D:10     | Found Oxoqul's Food Boutique.
  8526 | D:10     | Reached ***** piety under Okawaru
  8974 | D:11     | Noticed a seven-headed hydra
  8988 | D:11     | Killed a seven-headed hydra
  8988 | D:11     | Reached skill level 1 in Invocations
  9177 | D:11     | Noticed a cyclops
  9187 | D:11     | Killed a cyclops
  9187 | D:11     | Received a gift from Okawaru
  9190 | D:11     | Got a pair of steaming gloves {god gift}
  9201 | D:11     | Identified the +2 pair of gloves of Fenab {rC+ Str+6 Int+2}
                  | (Okawaru gifted it to you on level 11 of the Dungeon)
  9316 | D:11     | Noticed a purple ugly thing
  9329 | D:11     | Killed a purple ugly thing
  9729 | D:12     | Reached XP level 12. HP: 77/77 MP: 13/13
  9952 | D:12     | Noticed a centaur warrior
  9970 | D:12     | Killed a centaur warrior
  9978 | D:12     | Reached skill level 10 in Shields
 10034 | D:12     | Reached skill level 10 in Fighting
 10035 | D:12     | Noticed a five-headed hydra
 10051 | D:12     | Killed a five-headed hydra
 10051 | D:12     | Reached skill level 10 in Armour
 10189 | D:12     | Got a faintly glowing battleaxe
 10204 | D:12     | Identified the +9 battleaxe of the Evening {holy, +Rage
                  | rElec rPois Str+2} (You found it on level 12 of the
                  | Dungeon)
 10860 | D:13     | Noticed a centaur warrior
 10882 | D:13     | Killed a centaur warrior
 11023 | D:13     | Noticed a vault guard
 11024 | D:13     | Noticed a vault guard
 11024 | D:13     | Noticed a vault guard
 11025 | D:13     | Found a gate to the Vaults.
 11026 | D:13     | Noticed a vault guard
 11059 | D:13     | Killed a vault guard
 11067 | D:13     | Killed a vault guard
 11067 | D:13     | Received a gift from Okawaru
 11077 | D:13     | Killed a vault guard
 11085 | D:13     | Killed a vault guard
 11245 | D:13     | Noticed a death knight
 11262 | D:13     | Killed a death knight
 11357 | D:13     | Noticed a death knight
 11561 | D:13     | Killed a death knight
 11561 | D:13     | Reached ****** piety under Okawaru
 11561 | D:13     | Received a gift from Okawaru
 11561 | D:13     | Reached skill level 5 in Invocations
 11720 | D:14     | Noticed a death knight
 11832 | Lair:1   | Entered Level 1 of the Lair of Beasts
 11870 | Lair:1   | Reached XP level 13. HP: 72/83 MP: 16/16
 12472 | Lair:1   | Got a smoking copper amulet
 12473 | Lair:1   | Identified the amulet of Zuklumem {Reflect Str+3 SH+4} (You
                  | found it on level 1 of the Lair of Beasts)
 13779 | Lair:3   | Got a smoking copper amulet
 13942 | Lair:3   | Got a shimmering mace
 13943 | Lair:3   | Identified the +9 mace "Dihucug" {freeze, rC+ MR+ Dex+2}
                  | (You found it on level 3 of the Lair of Beasts)
 14545 | Lair:4   | Received a gift from Okawaru
 14578 | Lair:4   | Identified a scroll of acquirement
 14618 | Lair:4   | Identified the amulet "Mihuderuvy" {Spirit Int+2} (You
                  | found it on level 3 of the Lair of Beasts)
 14663 | Lair:4   | Found a staircase to the Shoals.
 15373 | Lair:4   | Found a staircase to the Snake Pit.
 15445 | Lair:4   | Noticed Urug
 15453 | Lair:4   | Killed Urug
 15466 | Lair:4   | Received a gift from Okawaru
 15552 | Lair:4   | Gained mutation: Your large and strong wings let you fly
                  | indefinitely. [Gargoyle growth]
 15552 | Lair:4   | Reached XP level 14. HP: 88/88 MP: 19/19
 15974 | Lair:5   | Noticed Rupert
 15984 | Lair:5   | Killed Rupert
 16587 | Lair:6   | Entered Level 6 of the Lair of Beasts
 16609 | Lair:6   | Found a staircase to the Slime Pits.
 16609 | Lair:6   | Found a viscous altar of Jiyva.
 16762 | Lair:6   | Reached skill level 15 in Maces & Flails
 16855 | Lair:6   | Received a gift from Okawaru
 18421 | D:14     | Cast into level 2 of the Abyss (two-headed ogre)
 18423 | Abyss:2  | Found a corrupted altar of Lugonu.
 18456 | Abyss:2  | Noticed a tentacled starspawn
 18470 | Abyss:2  | Killed a tentacled starspawn
 18489 | Abyss:2  | Noticed a tentacled starspawn
 18510 | Abyss:2  | Killed a tentacled starspawn
 18510 | Abyss:2  | Reached XP level 15. HP: 93/93 MP: 21/21
 18522 | Abyss:2  | Got an ichor-stained shield
 18533 | Abyss:2  | Identified the +4 shield "Veankeol" {Dex+5 Stlth+} (You
                  | acquired it on level 2 of the Abyss)
 18579 | Abyss:2  | Killed a starcursed mass
 18648 | D:14     | Escaped the Abyss
 18792 | D:14     | Received a gift from Okawaru
 19080 | D:15     | Entered Level 15 of the Dungeon
 19091 | D:15     | Found a staircase to the Depths.
 19137 | D:15     | Found Ijecod Eghyp's General Store.
 19220 | D:15     | Got a warped brass amulet
 19327 | D:15     | Reached skill level 10 in Invocations
 19337 | D:15     | Identified the amulet "Molewit" {Spirit +Inv +Fly rPois
                  | Stlth+} (You found it on level 15 of the Dungeon)
 19843 | Shoals:1 | Entered Level 1 of the Shoals
 19858 | Shoals:1 | Received a gift from Okawaru
 20286 | Shoals:1 | Received a gift from Okawaru
 20563 | Shoals:1 | Reached XP level 16. HP: 99/99 MP: 24/24
 20758 | Shoals:2 | Noticed Ilsuiw
 20827 | Shoals:2 | Killed Ilsuiw
 20831 | Shoals:2 | Noticed Aizul
 20843 | Shoals:2 | Killed Aizul
 21382 | Shoals:2 | Noticed a kraken
 21396 | Shoals:2 | Killed a kraken
 21701 | Shoals:3 | Received a gift from Okawaru
 21740 | Shoals:3 | Reached skill level 15 in Shields
 21741 | Shoals:3 | Reached skill level 15 in Armour
 21969 | Shoals:3 | Found a runed translucent door.
 21970 | Shoals:3 | Noticed Rerer's ghost (adept HOBe)
 22456 | Shoals:4 | Entered Level 4 of the Shoals
 22555 | Shoals:4 | Received a gift from Okawaru
 23013 | Shoals:4 | Got a barnacled rune of Zot
 23049 | Shoals:4 | Reached XP level 17. HP: 97/109 MP: 26/26
 23514 | Shoals:4 | Received a gift from Okawaru
 23974 | Snake:1  | Entered Level 1 of the Snake Pit
 24322 | Snake:1  | Reached skill level 15 in Fighting
 24567 | Snake:1  | Noticed Donald
 24591 | Snake:1  | Killed Donald
 24647 | Snake:1  | Noticed Frances
 24654 | Snake:1  | Killed Frances
 24760 | Snake:1  | Received a gift from Okawaru
 24906 | Snake:1  | Found Niyler's Gadget Shop.
 25542 | Snake:2  | Received a gift from Okawaru
 25579 | Snake:2  | Identified a +1 pair of boots of running (Okawaru gifted it
                  | to you on level 2 of the Snake Pit)
 25612 | Snake:2  | Reached XP level 18. HP: 106/120 MP: 27/27
 26113 | Snake:2  | You are sucked into a shaft!
 27610 | Snake:4  | Entered Level 4 of the Snake Pit
 27707 | Snake:4  | Received a gift from Okawaru
 27708 | Snake:4  | Found the +0 Maxwell's etheric cage {RegenMP+ *Contam rElec
                  | MP+4}
 27905 | Snake:4  | Found an iron altar of Okawaru.
 28132 | Snake:4  | Noticed Nikola
 28139 | Snake:4  | Killed Nikola
 28142 | Snake:4  | Noticed Kirke
 28252 | Snake:4  | Killed Kirke
 28252 | Snake:4  | Reached XP level 19. HP: 128/128 MP: 28/28
 28600 | Snake:4  | Received a gift from Okawaru
 28991 | Snake:4  | Got a serpentine rune of Zot
 29177 | Snake:4  | Received a gift from Okawaru
 29488 | Orc:1    | Entered Level 1 of the Orcish Mines
 29526 | Orc:1    | Reached skill level 1 in Dodging
 29894 | Orc:2    | Entered Level 2 of the Orcish Mines
 29925 | Orc:2    | Found Fucugh Hyinn's Antique Armour Boutique.
 29959 | Orc:2    | Noticed Maurice
 29972 | Orc:2    | Killed Maurice
 30060 | Orc:2    | Reached skill level 5 in Dodging
 30082 | Orc:2    | Found Jial's Assorted Antiques.
 30082 | Orc:2    | Found Keow's Gadget Emporium.
 30086 | Orc:2    | Found Fupt's Antique Weapon Emporium.
 30086 | Orc:2    | Found Lipreree's Jewellery Shop.
 30161 | Orc:2    | Found a staircase to the Elven Halls.
 30179 | Orc:2    | Noticed Jorgrun
 30189 | Orc:2    | Killed Jorgrun
 30643 | Elf:1    | Entered Level 1 of the Elven Halls
 30913 | Elf:1    | Reached XP level 20. HP: 136/136 MP: 29/29
 30947 | Elf:1    | Noticed Azrael
 30962 | Elf:1    | Killed Azrael
 31186 | Elf:1    | Received a gift from Okawaru
 31720 | Elf:1    | Identified the +8 great sword of Descent {slice, rElec
                  | rPois Int+3}
 32010 | Elf:2    | Found a runed translucent gate.
 32010 | Elf:2    | Found a runed translucent gate.
 32150 | Elf:2    | Noticed strelocc's ghost (adept HOBe)
 32156 | Elf:2    | Found a runed translucent gate.
 32157 | Elf:2    | Found a runed translucent gate.
 32159 | Elf:2    | Found a runed translucent gate.
 32250 | Elf:2    | Found a deep blue altar of Sif Muna.
 32371 | Elf:2    | Reached skill level 10 in Dodging
 32388 | Elf:2    | Reached skill level 1 in Evocations
 32443 | Elf:2    | Found a runed translucent gate.
 32707 | Vaults:1 | Entered Level 1 of the Vaults
 33252 | Vaults:1 | Received a gift from Okawaru
 33837 | Vaults:1 | Reached skill level 5 in Evocations
 34058 | Vaults:2 | Found Xoulitug's Assorted Antiques.
 34605 | Vaults:2 | Reached XP level 21. HP: 140/140 MP: 30/30
 34632 | Vaults:2 | Got a vibrating bone ring
 34634 | Vaults:2 | Identified the ring of Xeamon {rC+ Dex+2} (You acquired it
                  | on level 2 of the Vaults)
 34641 | Vaults:2 | Received a gift from Okawaru
 34748 | Vaults:2 | Noticed Boris
 34760 | Vaults:2 | Killed Boris
 35296 | Vaults:3 | Reached skill level 10 in Evocations
 35536 | Vaults:3 | Received a gift from Okawaru
 35542 | Vaults:3 | Got a transparent morningstar {god gift}
 35543 | Vaults:3 | Identified the +9 morningstar "Deisesk" {drain, *Rage
                  | Int+5} (Okawaru gifted it to you on level 3 of the Vaults)
 35560 | Vaults:3 | Found a staircase to the Crypt.
 35769 | Vaults:3 | Found Ihat's Assorted Antiques.
 35779 | Vaults:3 | Bought a scroll of identify for 58 gold pieces
 35779 | Vaults:3 | Bought a scroll of identify for 58 gold pieces
 35779 | Vaults:3 | Bought a scroll of identify for 58 gold pieces
 36534 | Vaults:4 | Received a gift from Okawaru
 36616 | Vaults:4 | Noticed Mara
 36626 | Vaults:4 | Killed Mara
 36626 | Vaults:4 | Reached XP level 22. HP: 126/153 MP: 31/31
 36664 | Vaults:4 | Paralysed by an ogre mage for 6 turns
 37098 | Vaults:4 | Received a gift from Okawaru
 37203 | Vaults:4 | Noticed Boris
 37228 | Vaults:4 | Killed Boris
 37959 | Vaults:5 | Entered Level 5 of the Vaults
 37985 | Vaults:5 | Noticed Mennas
 38005 | Vaults:5 | Killed Mennas
 38113 | Vaults:5 | Received a gift from Okawaru
 38137 | Vaults:5 | Reached XP level 23. HP: 79/160 MP: 32/32
 38615 | Vaults:5 | Got a silver rune of Zot
 38849 | Vaults:5 | Noticed an ancient lich
 38861 | Vaults:5 | Killed an ancient lich
 38890 | Vaults:5 | Noticed an ancient lich
 38898 | Vaults:5 | Received a gift from Okawaru
 38915 | Vaults:5 | Identified the +5 scale mail "Fameph" {rC+ Stlth+}
 38921 | Vaults:5 | Killed an ancient lich
 38999 | Vaults:5 | Received a gift from Okawaru
 39343 | Vaults:5 | Identified the +12 long sword of Doors {venom, rF+ Stlth+}
 39343 | Vaults:5 | Noticed an ancient lich
 39361 | Vaults:5 | Killed an ancient lich
 39361 | Vaults:5 | Reached XP level 24. HP: 166/166 MP: 32/32
 39888 | Vaults:5 | Got a coiled steel ring
 39889 | Vaults:5 | Identified the ring of Fuphe {Str+6 Stlth-} (You found it
                  | on level 5 of the Vaults)
 40244 | Vaults:5 | Got a transparent turquoise ring
 40255 | Vaults:5 | Identified the ring "Puany" {Wiz rN+} (You found it on
                  | level 5 of the Vaults)
 40717 | Elf:2    | Cast into level 3 of the Abyss (+2 halberd of distortion)
 40815 | Elf:2    | Escaped the Abyss
 41031 | Elf:3    | Entered Level 3 of the Elven Halls
 41252 | Elf:3    | Received a gift from Okawaru
 42054 | Elf:3    | Cast into level 3 of the Abyss (a deep elf sorcerer)
 42290 | Elf:3    | Escaped the Abyss
 42743 | Elf:3    | Identified the +11 trident of Revolt {venom, *Noise rElec
                  | Int+4}
 43093 | Elf:3    | Identified the Almanac of Attacks and Toxins
 43128 | Elf:3    | Got encrusted swamp dragon scales
 43129 | Elf:3    | Identified the +5 swamp dragon scales of the Dropbear
                  | {rElec rPois SInv} (You found it on level 3 of the Elven
                  | Halls)
 43456 | Depths:1 | Entered Level 1 of the Depths
 43596 | Depths:1 | Found a magical portal.
 43653 | WizLab   | Entered The Hall of the Hellbinder
 43693 | WizLab   | Identified the Papyrus of the Escort
 43760 | WizLab   | Reached XP level 25. HP: 61/173 MP: 32/32
 44082 | WizLab   | Gained mutation: You are agile. (Dex +2) [a cacodemon]
 44096 | WizLab   | Gained mutation: Armour fits poorly on your strangely
                  | shaped body. [a cacodemon]
 44341 | WizLab   | Identified the ring "Qeuqox" {rCorr Dex+3}
 44361 | WizLab   | Gained mutation: Your body sometimes deteriorates upon
                  | taking damage. [a neqoxec]
 44369 | WizLab   | Received a gift from Okawaru
 44395 | WizLab   | Lost mutation: Armour fits poorly on your strangely shaped
                  | body. [potion of mutation]
 44395 | WizLab   | Lost mutation: Your body sometimes deteriorates upon taking
                  | damage. [potion of mutation]
 44395 | WizLab   | Lost mutation: You are agile. (Dex +2) [potion of mutation]
 44395 | WizLab   | Gained mutation: You have a somewhat thin skeletal
                  | structure. (Dex +2, Stealth) [potion of mutation]
 44395 | WizLab   | Gained mutation: Your spells are a little harder to cast,
                  | but a little more powerful. [potion of mutation]
 44395 | WizLab   | Gained mutation: You have sharp toenails. [potion of
                  | mutation]
 44426 | WizLab   | Found a burning altar of Makhleb.
 44470 | WizLab   | Identified the Disquisition on Creation
 44833 | Depths:1 | Received a gift from Okawaru
 44836 | Depths:1 | Got a fine demon whip {god gift}
 44837 | Depths:1 | Identified the +10 demon whip of Indomitability {elec, rN+
                  | MP-9 Str+8 Stlth+} (Okawaru gifted it to you on level 1 of
                  | the Depths)
 44870 | Depths:1 | Found a gateway to Hell.
 44950 | Depths:1 | Found a one-way gate leading to the halls of Pandemonium.
 45550 | Depths:1 | Found a deep blue altar of Sif Muna.
 45752 | Depths:1 | Identified the Collected Works on the Escort
 45802 | Depths:1 | Found the +3 pair of gauntlets of War {Slay+5}
 46135 | Depths:2 | Received a gift from Okawaru
 46136 | Depths:2 | Found the +7 Kryia's mail coat {PotionHeal*2 rC+}
 46257 | Depths:2 | Found a large runed translucent door.
 46257 | Depths:2 | Found a large runed translucent door.
 46425 | Depths:2 | Found a one-way gate to the infinite horrors of the Abyss.
 46489 | Depths:2 | Found a gateway to a ziggurat.
 47007 | Depths:2 | Identified the +7 broad axe of Departure {freeze, Int+3}
 47486 | Depths:3 | Noticed Louise
 47505 | Depths:3 | Killed Louise
 47968 | Depths:3 | Found a transporter.
 47976 | Depths:3 | Paralysed by a great orb of eyes for 7 turns
 47988 | Depths:3 | Paralysed by a great orb of eyes for 7 turns
 47997 | Depths:3 | Reached XP level 26. HP: 173/183 MP: 32/32
 48111 | Depths:3 | Found a transporter.
 48217 | Depths:3 | Received a gift from Okawaru
 48281 | Depths:3 | Got a coiled wooden ring
 48282 | Depths:3 | Identified the ring "Icseyll" {Wiz +Blink rF- Int+2 Dex+7}
                  | (You found it on level 3 of the Depths)
 48322 | Depths:3 | Got a sparkling bronze ring
 48323 | Depths:3 | Identified the ring "Losenlih" {rPois rC+ MR- SInv} (You
                  | found it on level 3 of the Depths)
 48765 | Depths:4 | Cast into level 3 of the Abyss (a lich)
 48765 | Abyss:3  | Found a corrupted altar of Lugonu.
 48973 | Depths:4 | Escaped the Abyss
 50249 | Depths:4 | Identified the +1 leather armour "Ruzoygul" {MR+ Slay+2}
 50445 | Depths:5 | Entered Level 5 of the Depths
 50483 | Depths:5 | Found Xoib's Antique Weapon Shop.
 50489 | Depths:5 | Found Tumyquah's Magic Scroll Boutique.
 50711 | Depths:5 | Found a runed translucent gate.
 50711 | Depths:5 | Found a runed translucent gate.
 50711 | Depths:5 | Found a runed translucent gate.
 50712 | Depths:5 | Found the +2 Maxwell's thermic engine {flame, freeze}
 50712 | Depths:5 | Found a runed translucent gate.
 50712 | Depths:5 | Found a runed translucent gate.
 50712 | Depths:5 | Found a runed translucent gate.
 51173 | Depths:5 | Received a gift from Okawaru
 51333 | Depths:5 | Found a runed translucent door.
 51342 | Depths:5 | Identified the ring of Cibe {MR+ Int+2 Dex+5}
 51643 | Depths:5 | Found a gate to the Realm of Zot.
 51655 | Depths:5 | Reached XP level 27. HP: 171/188 MP: 32/32
 52183 | Depths:5 | Reached skill level 27 in Armour
 52263 | Depths:5 | Found Lammelaoju's Magic Scroll Emporium.
 52670 | Zot:1    | Entered Level 1 of the Realm of Zot
 53403 | Zot:1    | Received a gift from Okawaru
 54061 | Zot:1    | Noticed an orb of fire
 54063 | Zot:1    | Gained mutation: Scrolls take you a little longer to read.
                  | [an orb of fire]
 54083 | Zot:1    | Killed an orb of fire
 54464 | Zot:1    | Noticed an orb of fire
 54480 | Zot:1    | Killed an orb of fire
 55158 | Zot:5    | Entered Level 5 of the Realm of Zot
 55592 | Zot:5    | Noticed an orb of fire
 55594 | Zot:5    | Gained mutation: Scrolls take you longer to read. [an orb
                  | of fire]
 55595 | Zot:5    | Gained mutation: You tend to lose your temper in combat.
                  | [an orb of fire]
 55596 | Zot:5    | Gained mutation: Potions are less effective at restoring
                  | your health. [an orb of fire]
 55600 | Zot:5    | Gained mutation: You often lose your temper in combat. [an
                  | orb of fire]
 55600 | Zot:5    | Gained mutation: You are dopey. (Int -2) [an orb of fire]
 55603 | Zot:5    | Gained mutation: You are very dopey. (Int -4) [an orb of
                  | fire]
 55608 | Zot:5    | Noticed an orb of fire
 55612 | Zot:5    | Lost mutation: Scrolls take you longer to read. [an orb of
                  | fire]
 55626 | Zot:5    | Killed an orb of fire
 55633 | Zot:5    | Gained mutation: Armour fits poorly on your strangely
                  | shaped body. [an orb of fire]
 55634 | Zot:5    | Killed an orb of fire
 55689 | Zot:5    | Noticed an orb of fire
 55693 | Zot:5    | Noticed an orb of fire
 55699 | Zot:5    | Gained mutation: You are partially covered in thin metallic
                  | scales. (AC +2) [an orb of fire]
 55702 | Zot:5    | Lost mutation: Armour fits poorly on your strangely shaped
                  | body. [an orb of fire]
 55705 | Zot:5    | Noticed an orb of fire
 55706 | Zot:5    | Gained mutation: You have an uncontrollable temper. [an orb
                  | of fire]
 55707 | Zot:5    | Gained mutation: You are frail. (-10% HP) [an orb of fire]
 55709 | Zot:5    | Killed an orb of fire
 55709 | Zot:5    | Received a gift from Okawaru
 55709 | Zot:5    | Reached skill level 27 in Fighting
 55711 | Zot:5    | Noticed an orb of fire
 55715 | Zot:5    | Gained mutation: Your magical capacity is low. (-10% MP)
                  | [an orb of fire]
 55716 | Zot:5    | Killed an orb of fire
 55721 | Zot:5    | HP: 12/268 [orb of fire/bolt of fire (16)]
 55722 | Zot:5    | Lost mutation: Your spells are a little harder to cast, but
                  | a little more powerful. [an orb of fire]
 55723 | Zot:5    | Noticed an orb of fire
 55726 | Zot:5    | Gained mutation: Your body sometimes deteriorates upon
                  | taking damage. [an orb of fire]
 55727 | Zot:5    | Killed an orb of fire
 55727 | Zot:5    | Killed from afar by an orb of fire

Skill      XL: |  1  2  3  4  5  6  7  8  9 10 11 12 13 14 15 16 17 18 19 20 21 22 23 24 25 26 27 |
---------------+----------------------------------------------------------------------------------+-----
Maces & Flails | 3 4 5 7 9 10 11 13 14 15 16 | 16.0
Fighting       | 4 5 6 7 8 9 10 13 15 17 20 21 22 23 27 | 27.0
Armour         | 4 5 6 7 8 9 10 11 12 14 15 17 20 21 22 24 26 27 | 27.0
Shields        | 4 5 6 7 8 9 10 11 12 14 15 17 20 21 | 21.4
Invocations    | 2 5 7 9 11 12 | 12.0
Dodging        | 6 10 | 10.0
Evocations     | 8 10 | 10.0

Action                   |  1- 3 |  4- 6 |  7- 9 | 10-12 | 13-15 | 16-18 | 19-21 | 22-24 | 25-27 || total
-------------------------+-------+-------+-------+-------+-------+-------+-------+-------+-------++-------
Melee: Flail             |   121 |   257 |   385 |   668 |   227 |       |       |       |       ||  1658
       Falchion          |       |       |       |     5 |       |       |       |       |       ||     5
       Eveningstar       |       |       |       |       |   622 |  1093 |  1347 |  1213 |  1764 ||  6039
       Mace              |       |       |       |       |    14 |       |       |       |       ||    14
       Demon whip        |       |       |       |       |       |       |     6 |     4 |   135 ||   145
Invok: Heroism           |       |       |       |     2 |       |     1 |       |     8 |    11 ||    22
       Finesse           |       |       |       |     1 |       |     1 |       |     8 |    12 ||    22
 Abil: Fly               |       |       |       |       |     1 |       |       |       |     2 ||     3
       Stop Flying       |       |       |       |       |       |       |       |       |     2 ||     2
Evoke: Wand              |       |       |     2 |       |       |     2 |     2 |       |     3 ||     9
  Use: Scroll            |       |       |       |    11 |    19 |    20 |    14 |    12 |    14 ||    90
       Potion            |       |       |       |     1 |       |     5 |       |     4 |     3 ||    13
 Stab: Sleeping          |       |       |       |       |     7 |    19 |       |       |       ||    26
       Distracted        |       |       |       |       |       |     4 |     1 |       |       ||     5
       Petrified         |       |       |       |       |       |       |       |       |     1 ||     1
  Eat: Chunk             |       |     6 |    13 |    15 |    22 |    15 |    23 |     9 |    26 ||   129
       Ration            |       |       |       |     1 |     2 |     3 |     1 |     4 |     5 ||    16
Armor: Scale mail        |    79 |   140 |   175 |       |       |       |       |       |       ||   394
       Chain mail        |       |       |    52 |   307 |   110 |       |       |       |       ||   469
       Plate armour      |       |       |       |       |   117 |       |   233 |   254 |   219 ||   823
       Shadow dragon sca |       |       |       |       |   108 |   399 |    92 |       |       ||   599
       Gold dragon scale |       |       |       |       |       |       |       |       |   319 ||   319
Dodge: Dodged            |    35 |    73 |   102 |   111 |   131 |   187 |   219 |   228 |   440 ||  1526
       Deflected         |       |       |     1 |     9 |     1 |       |       |       |       ||    11
Block: Shield            |    87 |   122 |   234 |   469 |   659 |  1107 |  1121 |   906 |  1636 ||  6341
       Reflection        |       |       |       |    30 |    47 |   134 |   121 |    88 |    75 ||   495
       Other             |       |       |       |     1 |       |       |       |       |       ||     1
       Rpst.: Falchion   |       |       |       |     1 |       |       |       |       |       ||     1
